 Dungeon Crawl Stone Soup version 0.30-a0-462-gd5975efbca (webtiles) character file.

Game seed: 4900488247096213029

9353 cforsyth the Grappler (level 11, -5/81 (107) HPs)
             Began as a Troll Fighter on Dec 16, 2022.
             Was a Priest of Wu Jian.
             Slain by a soul eater (21 damage)
             ... in a Gauntlet.
             The game lasted 00:24:50 (10276 turns).

cforsyth the Grappler (Troll Fighter)              Turns: 10276, Time: 00:24:50

HP:   -5/81 (107)   AC:  7    Str: 26    XL:     11   Next: 21%
MP:   10/10         EV: 10    Int:  8    God:    Wu Jian [***...]
Gold: 521           SH:  9    Dex: 13    Spells: 10/10 levels left

rFire   . . .      SeeInvis .      - Unarmed
rCold   + . .      Faith    .    b - +0 kite shield
rNeg    . . .      Spirit   .    T - +0 troll leather armour
rPois   .          Reflect  .    (helmet restricted)
rElec   .          Harm     .    h - +0 cloak
rCorr   +          Rampage  .    (gloves unavailable)
Will    .....      NoTele   +    (boots unavailable)
Stlth   +.........               (no amulet)
HPRegen 1.93/turn                R - ring of Ceam {rCorr Dex+4}
MPRegen 0.12/turn                A - ring of protection from cold

@: mighty, exhausted, heavily drained
A: large, unfitting armour, claws 3, regeneration 1, shaggy fur 1, tough skin 1
a: Renounce Religion, Wall Jump, Serpent's Lash


You were in a Gauntlet.
You worshipped Wu Jian.
Wu Jian was most pleased with you.
You visited 2 branches of the dungeon, and saw 12 of its levels.
You also visited: Sewer and Gauntlet.

You collected 674 gold pieces.
You spent 153 gold pieces at shops.

Inventory:

Hand Weapons
 t - the +9 dagger "Killer Bee's Death" {protect, rElec rF+ Int-2 Dex+9 SInv}
   (You found it in a sewer)

   It grants its wielder temporary protection when it strikes (+7 to AC).
   Int:       It affects your intelligence (-2).
   Dex:       It affects your dexterity (+9).
   rF:        It protects you from fire.
   rElec:     It insulates you from electricity.
   SInv:      It lets you see invisible.
Armour
 b - a +0 kite shield (worn)
 h - a +0 cloak (worn)
 S - the +1 robe of Somewhere Else {rC+ Int+3 Dex+4}
   (You bought it in a shop on level 11 of the Dungeon)

   Int:       It affects your intelligence (+3).
   Dex:       It affects your dexterity (+4).
   rC:        It protects you from cold.
 T - a +0 troll leather armour (worn)
Jewellery
 p - a ring of flight
 v - an amulet of faith
 A - a ring of protection from cold (right claw)
 B - a +6 ring of strength
 E - a ring of magical power
 L - a ring of ice
 O - an amulet of magic regeneration
 R - the ring of Ceam (left claw) {rCorr Dex+4}
   (You found it on level 11 of the Dungeon)

   [ring of resist corrosion]

   Dex:       It affects your dexterity (+4).
   rCorr:     It protects you from acid and corrosion.
Wands
 a - a wand of paralysis (5)
 x - a wand of flame (26)
 y - a wand of roots (1)
Scrolls
 g - a scroll of silence
 l - 5 scrolls of teleportation
 m - 2 scrolls of poison
 o - a scroll of amnesia
 r - a scroll of brand weapon
 u - 2 scrolls of vulnerability
 z - a scroll of immolation
 C - a scroll of butterflies
 F - a scroll of blinking
 J - a scroll of torment
 K - a scroll of noise {unknown}
 M - a scroll of fear {unknown}
 N - a scroll of acquirement {unknown}
 P - 2 scrolls of fog {unknown}
Potions
 c - a potion of might
 d - 2 potions of cancellation
 e - a potion of curing
 i - a potion of ambrosia {unknown}
 k - 2 potions of haste
 n - 2 potions of magic
 q - 2 potions of mutation
 w - 2 potions of flight
 D - 3 potions of brilliance
 H - a potion of lignification {unknown}
 I - a potion of degeneration {unknown}
 Q - a potion of berserk rage {unknown}


   Skills:
 + Level 6.4 Fighting
 - Level 5.4 Dodging
 + Level 7.1 Shields
 * Level 13.3 Unarmed Combat


You had 10 spell levels left.
You didn't know any spells.
Your spell library contained the following spells:

 Spells                   Type           Power      Damage    Failure   Level
 Slow                     Hex            0%         N/A       71%         1
 Sting                    Tmut/Pois      0%         1d3       71%         1
 Poisonous Vapours        Pois/Air       0%         N/A       83%         2
 Confusing Touch          Hex            0%         N/A       97%         3
 Vampiric Draining        Necr           0%         2d6       97%         3
 Olgreb's Toxic Radiance  Pois           0%         N/A       100%        4
 Summon Ice Beast         Ice/Summ       0%         N/A       100%        4
 Summon Mana Viper        Hex/Summ       0%         N/A       100%        5
 Monstrous Menagerie      Summ           0%         N/A       100%        7


Dungeon Overview and Level Annotations

Branches:
Dungeon (11/15)            Temple (0/1) D:4            Lair (1/5) D:10
  Sewer (visited)         Gauntlet (1/1)
    Orc: D:9-12

Altars:
Dithmenos
Hepliaklqana
Kikubaaqudgha
Makhleb
Nemelex Xobeh
Ru
Trog
Uskayaw
Wu Jian

Shops:
D:6 (   D:11 ([[

Annotations:
D:6 3 runed translucent doors, Girdio's ghost, novice DsGl Gauntlet 15 transporters, exclusion: ice statue


Innate Abilities, Weirdness & Mutations

You are too large for most types of armour.
You have claws for hands.
Your natural rate of healing is unusually fast.
You are covered in fur. (AC +1)
You have tough skin. (AC +1)


Message History

You closely miss the soul eater. The soul eater hits you!
You scratch the soul eater but do no damage.
You block the soul eater's attack.
You closely miss the soul eater.
The soul eater draws from the surrounding life force!
Press: ? - help, v - describe, . - travel
Here: a soul eater The floor.
Okay, then.
Unknown command.
Okay, then.
You feel very mighty all of a sudden.
The soul eater draws from the surrounding life force!
Your supernatural speed expires.
You lunge at the soul eater, in a flurry of attacks.
You scratch the soul eater but do no damage.
You mangle the soul eater!!
The soul eater is heavily wounded.
The soul eater closely misses you.
You barely miss the soul eater.
The soul eater is heavily wounded.
You completely miss the soul eater.
The soul eater is heavily wounded.
The soul eater hits you!!
You completely miss the soul eater.
The soul eater is heavily wounded.
You block the soul eater's attack.
You closely miss the soul eater.
The soul eater is heavily wounded.
The soul eater draws from the surrounding life force!
* * * LOW HITPOINT WARNING * * *
The soul eater is healed.
You scratch the soul eater.
The soul eater is moderately wounded.
The soul eater hits you.
* * * LOW HITPOINT WARNING * * *
You closely miss the soul eater.
The soul eater is moderately wounded.
The soul eater hits you!!
You die...

#######..#.#.........#...#Q##.#.#
#8#..#.#.##.##.#.#...#Q#.##..
###..#.#?.#..#3..#...##.#.#.#
#..#.#|.##.##..#...#....#.#
###..#©#©..#©.#..#©.©###.#.##
#8#..###.#.##.##.#...##.#.©##
###....#.#..#..#.#...#.##..#.
#....#.##.##.#.#.∩.#.#.##..
###..#....@3...#...##...#Q#
#8#..###########...########
###........................
#§............≈§≈........
######################### #8# #8#
#8# #8# #8# #8 ### ### ### ###
### ##


You could see a soul eater.

Vanquished Creatures
  A two-headed ogre (D:11)
  A cyclops (D:11)
  A cane toad (Lair:1)
  Joseph (D:8)
  2 trolls
  A wraith (D:9)
  A shadow (D:10)
  12 yaks
  2 wyverns
  Menkaure (D:7)
  5 water moccasins
  A sky beast (D:6)
  An orc warrior (D:6)
  5 ice beasts
  3 ogres
  A centaur (D:9)
  4 wolves (D:10)
  2 phantoms
  5 kobold brigands
  5 bullfrogs
  A necrophage (D:7)
  A scorpion (D:5)
  5 wights (D:8)
  12 killer bees
  5 howler monkeys
  2 electric eels (D:10)
  2 gnoll boudas
  8 hounds
  2 jellies (D:6)
  Crazy Yiuf (D:7)
  4 orc priests
  Jessica (D:2)
  3 iguanas
  Terence (D:2)
  Natasha (thrice) (D:3)
  5 orc wizards
  7 gnolls
  11 adders
  2 river rats (D:3)
  6 shadow imps
  A white imp (D:7)
  3 ufetubi (Sewer)
  4 worms
  2 dart slugs
  19 orcs
  10 endoplasms
  8 giant cockroaches
  2 goblins (D:1)
  5 hobgoblins
  2 jackals (D:5)
  33 kobolds
  4 quokkas
  3 ball pythons
  4 bats
  4 frilled lizards
  A kobold zombie (Sewer)
  8 rats
250 creatures vanquished.

Vanquished Creatures (others)
  A bat zombie (Sewer)
  An endoplasm (Sewer)
  A kobold zombie (Sewer)
  6 fungi
  12 plants (Gauntlet)
21 creatures vanquished.

Grand Total: 271 creatures vanquished

Notes
Turn   | Place    | Note
-------+----------+-------------------------------------------
     0 | D:1      | cforsyth the Troll Fighter began the quest for the Orb.
     0 | D:1      | Reached XP level 1. HP: 22/22 MP: 0/0
   182 | D:1      | Reached XP level 2. HP: 27/29 MP: 1/1
   876 | D:2      | Noticed Jessica
   901 | D:1      | Reached XP level 3. HP: 35/36 MP: 2/2
   936 | D:2      | Killed Jessica
   992 | D:2      | Reached XP level 4. HP: 44/44 MP: 3/3
  1067 | D:2      | Noticed Terence
  1076 | D:2      | Killed Terence
  1077 | D:2      | Reached skill level 3 in Unarmed Combat
  1346 | D:3      | Noticed an ogre
  1363 | D:3      | Noticed Natasha
  1369 | D:3      | Killed Natasha
  1370 | D:3      | Reached XP level 5. HP: 53/53 MP: 4/4
  1404 | D:3      | Found a hide-covered altar of Uskayaw.
  1497 | D:3      | Found a faded altar of an unknown god.
  1666 | D:3      | Killed an ogre
  1712 | D:3      | Noticed Natasha
  1715 | D:3      | Found an ornate altar of the Wu Jian Council.
  1721 | D:3      | Killed Natasha
  1722 | D:3      | Reached XP level 6. HP: 61/61 MP: 5/5
  1730 | D:3      | Became a worshipper of the Wu Jian Council
  1863 | D:3      | Noticed Natasha
  1888 | D:3      | Killed Natasha
  1925 | D:3      | Found a glowing drain.
  1929 | Sewer    | Entered a sewer
  1994 | Sewer    | Reached * piety under Wu Jian
  2076 | Sewer    | Found a burning altar of Makhleb.
  2092 | Sewer    | Reached skill level 4 in Unarmed Combat
  2116 | Sewer    | Noticed Grinder
  2304 | Sewer    | Reached XP level 7. HP: 66/68 MP: 6/6
  2317 | Sewer    | Identified the +9 dagger "Killer Bee's Death" {protect,
                  | rElec rF+ Int-2 Dex+9 SInv}
  2705 | D:4      | Found a staircase to the Ecumenical Temple.
  2759 | D:4      | Found a burning altar of Makhleb.
  3258 | D:5      | Entered Level 5 of the Dungeon
  3676 | D:5      | Reached skill level 5 in Shields
  3676 | D:5      | Reached skill level 5 in Unarmed Combat
  3676 | D:5      | Reached XP level 8. HP: 64/79 MP: 7/7
  3704 | D:5      | Reached ** piety under Wu Jian
  3981 | D:5      | Identified the +5 short sword of Caacwat {vorpal, rC+ rN+
                  | Dex+2}
  4157 | D:5      | Found a sacrificial altar of Ru.
  4302 | D:6      | Found a runed translucent gate.
  4364 | D:6      | Found a hazy altar of Hepliaklqana.
  4431 | D:6      | Found a runed translucent gate.
  4431 | D:6      | Noticed Girdio's ghost (novice DsGl)
  4432 | D:6      | Found a runed translucent gate.
  4433 | D:6      | Identified the +6 chain mail of Insurance {rF- Will+++
                  | Str+2}
  4456 | D:6      | Reached skill level 5 in Fighting
  4456 | D:6      | Reached skill level 5 in Dodging
  4551 | D:6      | Found a bloodstained altar of Trog.
  4660 | D:6      | Found Lomuecs's Weapon Shoppe.
  4977 | D:6      | Reached skill level 6 in Unarmed Combat
  5002 | D:6      | Found a shadowy altar of Dithmenos.
  5465 | D:7      | Reached XP level 9. HP: 88/88 MP: 8/8
  5465 | D:7      | Found a sparkling altar of Nemelex Xobeh.
  5481 | D:7      | Found a runed translucent door.
  5482 | D:7      | Noticed Crazy Yiuf
  5648 | D:7      | Reached skill level 7 in Unarmed Combat
  5706 | D:7      | Noticed Menkaure
  5711 | D:7      | Killed Menkaure
  5928 | D:7      | Killed Crazy Yiuf
  6008 | D:8      | Noticed Joseph
  6033 | D:8      | Killed Joseph
  6034 | D:8      | Reached skill level 8 in Unarmed Combat
  6290 | D:8      | Reached skill level 9 in Unarmed Combat
  6435 | D:8      | Reached skill level 10 in Unarmed Combat
  6589 | D:8      | Reached XP level 10. HP: 98/98 MP: 9/9
  6928 | D:8      | Reached *** piety under Wu Jian
  6938 | D:8      | Reached skill level 11 in Unarmed Combat
  7172 | D:9      | Found an ancient bone altar of Kikubaaqudgha.
  7369 | D:9      | Reached **** piety under Wu Jian
  7601 | D:9      | Reached skill level 12 in Unarmed Combat
  7766 | D:10     | Entered Level 10 of the Dungeon
  8054 | D:10     | Found a staircase to the Lair.
  8285 | D:10     | Found a shimmering altar of Xom.
  8286 | D:10     | Found a shimmering altar of Xom.
  8287 | D:10     | Found a shimmering altar of Xom.
  8287 | D:10     | Found a shimmering altar of Xom.
  8287 | D:10     | Found a shimmering altar of Xom.
  8287 | D:10     | Found a shimmering altar of Xom.
  8287 | D:10     | Found a shimmering altar of Xom.
  8707 | D:11     | Noticed a two-headed ogre
  8714 | D:11     | Killed a two-headed ogre
  8715 | D:11     | Reached skill level 13 in Unarmed Combat
  8715 | D:11     | Reached XP level 11. HP: 100/105 MP: 10/10
  8737 | D:11     | Found Haliuf Pueh's Antique Armour Shop.
  8779 | D:11     | Found Icamy's Antique Armour Boutique.
  8781 | D:11     | Identified the ring of Ceam {rCorr Dex+4}
  8790 | D:11     | Bought a ripped robe for 153 gold pieces
  8790 | D:11     | Identified the +1 robe of Somewhere Else {rC+ Int+3 Dex+4}
                  | (You bought it in a shop on level 11 of the Dungeon)
  8814 | D:11     | Found Xupali's Antique Weapon Emporium.
  8916 | D:11     | HP: 4/91 [something (2)]
  8923 | D:11     | HP: 4/82 [something (8)]
  9661 | Lair:1   | Entered Level 1 of the Lair of Beasts
  9733 | Lair:1   | Found a gate leading to a gauntlet.
  9806 | Gauntlet | Entered a Gauntlet
  9806 | Gauntlet | Found a transporter.
  9806 | Gauntlet | Found a transporter.
  9817 | Gauntlet | Noticed a soul eater
  9826 | Gauntlet | Noticed a tengu warrior
  9827 | Gauntlet | Found a transporter.
  9842 | Gauntlet | Found a transporter.
  9856 | Gauntlet | Found a transporter.
  9858 | Gauntlet | Noticed a death scarab
  9869 | Gauntlet | Found a transporter.
  9885 | Gauntlet | Found a transporter.
  9885 | Gauntlet | Noticed a catoblepas
  9957 | Gauntlet | Found a transporter.
  9966 | Gauntlet | Found a transporter.
  9984 | Gauntlet | Found a transporter.
  9993 | Gauntlet | Found a transporter.
  9996 | Gauntlet | Noticed a red ugly thing
 10009 | Gauntlet | Found a transporter.
 10009 | Gauntlet | Noticed a glowing orange brain
 10076 | Gauntlet | Found a transporter.
 10086 | Gauntlet | Found a transporter.
 10120 | Gauntlet | Found a transporter.
 10132 | Gauntlet | Found a transporter.
 10276 | Gauntlet | Slain by a soul eater

Illustrated notes

Levels and vault maps discovered:
D:1:      tarquinn_simple_flora_water_f, layout_basic
D:2:      layout_rooms, minmay_bisected, uniq_jessica, uniq_terence
D:3:      layout_loops_ring, mainiacjoe_overflow_small_starburst,
          mainiacjoe_overflow_surrounded_room, lightli_sewer_entry_pipes,
          shapermc_ecumenical_altar_mp_highgroup, uniq_natasha
D:4:      layout_loops_ring, makhleb_heckhound_becter, minmay_temple_entry_trees
D:5:      layout_loops_ring, mainiacjoe_overflow_tiny_flanked
D:6:      layout_gridville, mainiacjoe_overflow_paths, general_overflow_altar,
          nicolae_hepliaklqana_hippocampus, biasface_ghost_orc_armoury,
          serial_shops, nicolae_lakefront_shop
D:7:      layout_cave_pools, mainiacjoe_overflow_catwalk, serial_glass,
          glass_columns_c, glass_columns_b, uniq_menkaure,
          uniq_crazy_yiuf_cottage
D:8:      layout_gridville, uniq_joseph
D:9:      layout_basic, mainiacjoe_overflow_concentric_impassable
D:10:     layout_roguey, xom_shifter_show, erik_lair_island,
          nicolae_twisting_strands
D:11:     layout_long_grid, serial_shops, nicolae_square_shop, shop,
          nicolae_inconvenience_store, shop, fungi_pond_lemuel
Lair:1:   layout_roguey, gauntlet_entry_generic, ebering_ghost_disaster_area,
          serial_bayou_shore_a
Gauntlet: gammafunk_gauntlet_branching [gammafunk_gauntlet_arena_mazey,
          nicolae_gauntlet_arena_grate_2, nicolae_gauntlet_arena_quarters,
          gammafunk_gauntlet_arena_split_x, gammafunk_gauntlet_arena_crates,
          gammafunk_gauntlet_arena_arrow_garden,
          gammafunk_gauntlet_arena_corners, nicolae_gauntlet_arena_t_cross,
          gauntlet_exit_hidden_loot]

Skill      XL: |  1  2  3  4  5  6  7  8  9 10 11 |
---------------+----------------------------------+-----
Shields        | 3 4 5 6 7 |  7.1
Fighting       | 3 4 5 6 |  6.4
Dodging        | 3 4 5 |  5.4
Unarmed Combat | 3 4 5 6 10 13 | 13.3

Action                   |  1- 3 |  4- 6 |  7- 9 | 10-12 || total
-------------------------+-------+-------+-------+-------++-------
Melee: Unarmed           |    78 |   198 |   382 |   317 ||   975
Invok: Lunge             |       |     5 |    13 |    19 ||    37
       Whirlwind         |       |     5 |    30 |    52 ||    87
       Serpent's Lash    |       |       |       |     4 ||     4
  Use: Scroll            |       |     1 |     1 |    16 ||    18
       Potion            |       |       |     2 |     9 ||    11
 Stab: Sleeping          |     1 |       |       |       ||     1
Armor: Robe              |    36 |    57 |    72 |    49 ||   214
       Troll leather arm |       |       |       |     8 ||     8
Dodge: Dodged            |    30 |    80 |   124 |    77 ||   311
Block: Kite shield       |    30 |    71 |   124 |    98 ||   323

Table legend: (Time is in decaauts)
 A = Elapsed time spent in this place.
 B = Non-inter-level travel time spent in this place.
 C = Inter-level travel time spent in this place.
 D = Time resting spent in this place.
 E = Time spent auto-exploring this place.
 F = Levels seen in this place.
 G = Mean time per level.
                   A        B        C        D        E       F      G
               +--------+--------+--------+--------+--------+-----+--------+
         Total |  10272 |   9901 |    371 |   1078 |   6347 |  14 |  733.7 |
       Dungeon |   9263 |   8892 |    371 |   1031 |   5839 |  11 |  842.1 |
          Lair |    142 |    142 |      0 |      0 |      0 |   1 |  142.0 |
         Sewer |    399 |    399 |      0 |     25 |    208 |   1 |  399.0 |
      Gauntlet |    467 |    467 |      0 |     22 |    300 |   1 |  467.0 |
               +--------+--------+--------+--------+--------+-----+--------+

Top non-repeatable levels by time:
    D:10: 1527 daAuts
     D:6: 1211 daAuts
     D:8: 1097 daAuts
     D:4: 904 daAuts
     D:3: 903 daAuts
     D:1: 892 daAuts
     D:5: 694 daAuts
     D:9: 668 daAuts
     D:7: 532 daAuts
     D:2: 473 daAuts
Gauntlet: 467 daAuts
   Sewer: 399 daAuts
    D:11: 358 daAuts
  Lair:1: 142 daAuts
